 Dungeon Crawl Stone Soup version 0.20-a0-633-gff4aa5c (webtiles) character file.

105 HallandMoats the Charmwright (level 4, -3/34 HPs)
             Began as a Demonspawn Skald on Feb 11, 2017.
             Was an Initiate of Okawaru.
             Killed from afar by Sigmund (13 damage)
             ... with a puff of flame
             ... on level 3 of the Dungeon.
             The game lasted 00:03:01 (1843 turns).

HallandMoats the Charmwright (Demonspawn Skald)     Turns: 1843, Time: 00:03:03

Health: -3/34      AC:  5    Str: 13    XL:     4   Next: 53%
Magic:  8/9        EV: 11    Int: 14    God:    Okawaru [......]
Gold:   22         SH:  0    Dex: 12    Spells: 7/8 levels left

rFire    . . .     SeeInvis .   j - +1 short sword (venom)
rCold    . . .     Gourm    .   e - +0 ring mail
rNeg     . . .     Faith    .   (no shield)
rPois    +         Spirit   .   (helmet restricted)
rElec    .         Reflect  .   (no cloak)
rCorr    .         Harm     .   (no gloves)
MR       .....                  (no boots)
Stlth    +.........             (no amulet)
Regen    0.2/turn               (no ring)
                                (no ring)

@: very slightly contaminated
A: horns 1, blink, high mp 1, poison resistance, spiny 1
a: Blink, Renounce Religion


You were on level 3 of the Dungeon.
You worshipped Okawaru.
Okawaru was noncommittal.
You were not hungry.

You visited 1 branch of the dungeon, and saw 3 of its levels.

You collected 22 gold pieces.

Inventory:

Hand Weapons
 a - a +0 falchion
 j - a +1 short sword of venom (weapon)
Armour
 e - a +0 ring mail (worn)
Scrolls
 f - a scroll of random uselessness {unknown}
 h - 2 scrolls of identify {unknown}
 i - 2 scrolls of remove curse {unknown}
 k - a scroll of enchant weapon {unknown}
 l - 2 scrolls of fog {unknown}
 o - a scroll of enchant armour {unknown}
Potions
 p - a potion of experience {unknown}
Books
 c - a book of Battle

   Spells                             Type                      Level
   a - Infusion                       Charms                       1
   b - Shroud of Golubria             Charms/Translocation         2
   c - Song of Slaying                Charms                       2
   d - Spectral Weapon                Hexes/Charms                 3
   e - Regeneration                   Charms/Necromancy            3
Comestibles
 b - 4 chunks of flesh
 d - 3 bread rations
 m - 3 fruits
 n - a meat ration


   Skills:
 + Level 2.4 Fighting
 + Level 2.2 Long Blades
 - Level 0.8 Armour
 - Level 1.7 Dodging
 + Level 2.9 Spellcasting
 + Level 3.6 Charms
 * Level 1.5 Invocations


You had 7 spell levels left.
You knew the following spells:

 Your Spells              Type           Power        Failure   Level  Hunger
a - Infusion              Chrm           ##..         12%         1    #......


Dungeon Overview and Level Annotations

Branches:
Dungeon (3/15)

Altars:
Okawaru

Annotations:
D:3 Sigmund


Innate Abilities, Weirdness & Mutations

You are partially covered in sharp spines.
You have a pair of small horns on your head.
You can translocate small distances at will.
You have an increased reservoir of magic. (+10% MP)
Your system is resistant to poisons. (rPois)


Message History

Sigmund points at you and mumbles some strange words.
The magic dart hits you!
You barely miss Sigmund. Your headbutt misses Sigmund.
Sigmund is struck by your spines. Sigmund hits you but does no damage.
You hit Sigmund.
Sigmund is lightly wounded.
Sigmund casts a spell at you. The puff of flame hits you!
You hit Sigmund but do no damage.
Sigmund is poisoned.
Sigmund is lightly wounded.
The giant cockroach bites you but does no damage.
Sigmund hits you with a scythe of protection.
* * * LOW HITPOINT WARNING * * *
You hit Sigmund but do no damage.
Sigmund looks as sick as possible!
Sigmund is lightly wounded.
The giant cockroach is struck by your spines.
The giant cockroach barely misses you.
Sigmund points at you and mumbles some strange words.
The puff of flame hits you!
You die...

#..............
#..............
#..............
#..............
#..............
#..............
#....s.......
#....@.......
###.$..@.......
#........?.....
#..............
#.#####...........<..
#..........<.........
###..............
#..............
...)...........


You could see Sigmund and a giant cockroach.

Vanquished Creatures
  Jessica (D:2)
  3 adders (D:2)
  2 oozes (D:2)
  A dart slug (D:2)
  4 leopard geckos
  7 bats
  3 giant cockroaches
  3 goblins
  3 hobgoblins
  3 jackals (D:2)
  A ball python (D:2)
  A frilled lizard (D:2)
  4 kobolds
  5 rats
41 creatures vanquished.

Notes
Turn   | Place    | Note
-------+----------+-------------------------------------------
     0 | D:1      | HallandMoats the Demonspawn Skald began the quest for the Orb.
     0 | D:1      | Reached XP level 1. HP: 16/16 MP: 3/3
   194 | D:1      | Reached skill level 3 in Charms
   194 | D:1      | Gained mutation: You are partially covered in sharp spines. [demonic ancestry]
   194 | D:1      | Reached XP level 2. HP: 15/22 MP: 5/5
   854 | D:2      | Reached XP level 3. HP: 21/27 MP: 6/6
  1350 | D:2      | Found an iron altar of Okawaru.
  1362 | D:2      | Became a worshipper of Warmaster Okawaru
  1506 | D:2      | Reached XP level 4. HP: 32/33 MP: 8/8
  1609 | D:2      | Reached skill level 1 in Invocations
  1627 | D:2      | Noticed Jessica
  1634 | D:2      | Killed Jessica
  1834 | D:3      | Noticed Sigmund
  1836 | D:3      | Gained mutation: You possess an exceptional clarity of mind. [potion of mutation]
  1836 | D:3      | Gained mutation: You are frail. (-10% HP) [potion of mutation]
  1836 | D:3      | Gained mutation: You occasionally shout uncontrollably at your foes. [potion of mutation]
  1836 | D:3      | Gained mutation: Your muscles are strong. (Str +2) [potion of mutation]
  1837 | D:3      | Lost mutation: You are frail. (-10% HP) [potion of mutation]
  1837 | D:3      | Lost mutation: Your muscles are strong. (Str +2) [potion of mutation]
  1837 | D:3      | Lost mutation: You possess an exceptional clarity of mind. [potion of mutation]
  1837 | D:3      | Lost mutation: You occasionally shout uncontrollably at your foes. [potion of mutation]
  1837 | D:3      | Gained mutation: You have a pair of small horns on your head. [potion of mutation]
  1837 | D:3      | Gained mutation: You can translocate small distances at will. [potion of mutation]
  1837 | D:3      | Gained mutation: Your system is resistant to poisons. (rPois) [potion of mutation]
  1837 | D:3      | Gained mutation: You have an increased reservoir of magic. (+10% MP) [potion of mutation]
  1843 | D:3      | Killed from afar by Sigmund

Vault maps used:
D:1:      lightli_arrival_farm, serial_park_tiny_2,
          hangedman_abyss_or_decor_stabs, minmay_pentomino_z2
D:2:      okawaru_metal_pillars_3, uniq_jessica
D:3:      portal_sewer_entry_d, dk_vineyard_3, yredelemnul_altar_generic,
          uniq_sigmund

Skill      XL: |  1  2  3  4 |
---------------+-------------+-----
Charms         | 3 |  3.6
Long Blades    | 2 |  2.2
Invocations    | 1 |  1.5
Fighting       | |  2.4
Armour         | |  0.8
Dodging        | |  1.7
Spellcasting   | |  2.9

Action                   |  1- 3 |  4- 6 || total
-------------------------+-------+-------++-------
Melee: Falchion          |    29 |       ||    29
       Short sword       |    54 |    21 ||    75
 Abil: Blink             |       |     2 ||     2
  Use: Potion            |       |     2 ||     2
  Eat: Chunk             |     2 |     1 ||     3
Armor: Ring mail         |    45 |     2 ||    47
Dodge: Dodged            |    40 |    10 ||    50
       Rpst.: Falchion   |     7 |       ||     7
